 Dungeon Crawl Stone Soup version 0.23-a0-329-g6f3f904 (webtiles) character file.

706 namelastname112 the Skirmisher (level 7, -1/67 HPs)
             Began as a White Draconian Wanderer on Oct 17, 2018.
             Was an Initiate of Gozag.
             Killed by divine providence
             ... invoked by an orc priest
              (12 damage)
             ... on level 5 of the Dungeon.
             The game lasted 00:05:37 (3939 turns).

namelastname112 the Skirmisher (DrWn)               Turns: 3939, Time: 00:05:38

Health: -1/67      AC:  7    Str: 14    XL:     7   Next: 39%
Magic:  7/7        EV: 14    Int: 16    God:    Gozag
Gold:   96         SH:  0    Dex:  9    Spells: 6/6 levels left

rFire    . . .     SeeInvis .   e - +1 short sword (drain)
rCold    + . .     Gourm    .   (no shield)
rNeg     . . .     Faith    .   (armour unavailable)
rPois    .         Spirit   .   (helmet restricted)
rElec    .         Reflect  .   c - +0 cloak
rCorr    .         Harm     +   (no gloves)
MR       .....                  (no boots)
Stlth    +.........             t - amulet of harm
HPRegen  0.21/turn              (no ring)
MPRegen  0.10/turn              (no ring)

@: short of breath
A: breathe frost, unfitting armour, cold resistance 1, cold-blooded, AC +6
a: Breathe Frost, Potion Petition, Call Merchant, Bribe Branch, Renounce
Religion


You were on level 5 of the Dungeon.
You worshipped Gozag.
Gozag was noncommittal.
You were very hungry.

You visited 2 branches of the dungeon, and saw 6 of its levels.

You collected 236 gold pieces.
You spent 97 gold pieces at shops.
You paid 43 gold pieces to Gozag.

Inventory:

Hand Weapons
 b - a +2 blowgun
 e - a +1 short sword of draining (weapon)
Missiles
 a - 4 curare-tipped needles
 x - 2 needles of confusion
Armour
 c - a +0 cloak (worn)
Jewellery
 t - an amulet of harm (around neck)
Wands
 r - a wand of random effects (22)
 u - a wand of flame (20)
Scrolls
 d - 5 scrolls of teleportation
 g - a scroll of random uselessness {unknown}
 i - 6 scrolls of enchant armour {unknown}
 l - a scroll of fog {unknown}
 m - 2 scrolls of remove curse {unknown}
 n - 2 scrolls of enchant weapon {unknown}
 o - 5 scrolls of identify {unknown}
 q - a scroll of immolation {unknown}
 s - a scroll of blinking
 w - 2 scrolls of magic mapping {unknown}
Potions
 h - 2 potions of flight
 j - 2 potions of cancellation
 k - a potion of curing {unknown}
 p - a potion of mutation {unknown}
 v - a potion of lignification {unknown}
 z - a potion of brilliance {unknown}
Comestibles
 f - 10 rations


   Skills:
 + Level 7.7 Fighting
   Level 3.0 Axes
   Level 1.0 Bows
 - Level 1.0 Throwing
 + Level 5.1 Dodging
 - Level 1.0 Evocations


You had 6 spell levels left.
You didn't know any spells.
Your spell library was empty.

Dungeon Overview and Level Annotations

Branches:
Dungeon (5/15)             Temple (1/1) D:4

Altars:
Cheibriados
Dithmenos
Elyvilon
Fedhas
Gozag
Hepliaklqana
Kikubaaqudgha
Makhleb
Nemelex Xobeh
Okawaru
Qazlal
Ru
Sif Muna
Trog
Uskayaw
Vehumet
Xom
Yredelemnul
Zin
The Shining One

Shops:
D:5 ?


Innate Abilities, Weirdness & Mutations

You can breathe waves of freezing cold.
You can buffet flying creatures when you breathe cold.
Your icy white scales are hard. (AC +6)
You cannot fit into any form of body armour.
Your flesh is cold resistant. (rC+)
You are cold-blooded and may be slowed by cold attacks.


Message History

Evoke which item? (* to show all) (? for menu, Esc to quit)
Okay, then.
You closely miss the orc.
The orc becomes distracted by the nearby gold, dreaming of imaginary riches.
The orc shouts!
You hit the orc but do no damage.
The orc is no longer distracted by gold.
The orc hits you but does no damage.
It was a potion of flight.
You feel very buoyant.
You fly up into the air.
The orc barely misses you.
It was a potion of cancellation.
Your magical effects are unravelling.
You feel magically purged.
You float gracefully downwards.
The orc hits you from afar with a +0 trident.
* * * LOW HITPOINT WARNING * * *
The orc priest invokes the aid of Beogh against you.
Beogh smites you!
You die...
Your body crumbles into a pile of gold.

#.# ...# #.# .#
##..# #.# .# #.#
.# $ #.# .# #.# .#
#.# .# #.# ####.#
#.# #oo@.# #
#.###o#### .# .
#.##ooo# ##.##.#
#.##.o.### ......#
#......o.##o......
#.......o.ooo.%...
##.......#[o......
###...###.......#
#(..# #.####.##


You could see an orc priest and 3 orcs.

Vanquished Creatures
  An ice beast (D:5)
  A black bear (D:4)
  A bullfrog (D:4)
  2 orc wizards (D:4)
  A bullfrog skeleton (D:4)
  An orc priest (D:4)
  A centaur skeleton (D:3)
  Ijyb (D:3)
  Terence (D:3)
  An iguana (D:4)
  2 worker ants
  A hound zombie (D:5)
  4 gnolls
  5 adders
  An ooze (D:2)
  An adder skeleton (D:4)
  A worm (D:2)
  2 dart slugs
  5 leopard geckos
  13 orcs
  5 bats
  6 goblins
  3 hobgoblins
  7 jackals
  A quokka (D:2)
  8 frilled lizards
  A jackal skeleton (D:4)
  11 kobolds
  A leopard gecko skeleton (D:4)
  5 rats
94 creatures vanquished.

Notes
Turn   | Place    | Note
-------+----------+-------------------------------------------
     0 | D:1      | namelastname112 the Draconian Wanderer began the quest for
                  | the Orb.
     0 | D:1      | namelastname112 set off with: 4 curare-tipped needles, a +2
                  | blowgun, a +0 hand axe, a scroll of teleportation, a ration
     0 | D:1      | Reached XP level 1. HP: 22/22 MP: 1/1
   311 | D:1      | Reached skill level 1 in Dodging
   311 | D:1      | Reached XP level 2. HP: 17/28 MP: 2/2
   870 | D:2      | Reached skill level 5 in Fighting
   878 | D:2      | Reached XP level 3. HP: 29/36 MP: 3/3
  1193 | D:2      | Reached XP level 4. HP: 42/42 MP: 4/4
  1906 | D:3      | Noticed Terence
  1919 | D:3      | Killed Terence
  1919 | D:3      | Reached XP level 5. HP: 35/50 MP: 5/5
  1976 | D:3      | Reached skill level 6 in Fighting
  2428 | D:3      | Noticed Ijyb
  2446 | D:3      | Killed Ijyb
  2539 | D:4      | Reached XP level 6. HP: 19/58 MP: 6/6
  3024 | D:4      | Reached skill level 7 in Fighting
  3355 | D:4      | Your scales start taking on an icy white colour.
  3355 | D:4      | Reached XP level 7. HP: 52/66 MP: 7/7
  3355 | D:4      | Gained mutation: Your flesh is cold resistant. (rC+) [White
                  | Draconian growth]
  3391 | D:4      | Found a staircase to the Ecumenical Temple.
  3443 | Temple   | Entered the Ecumenical Temple
  3470 | Temple   | Became a worshipper of Gozag Ym Sagoz the Greedy
  3733 | D:5      | Entered Level 5 of the Dungeon
  3733 | D:5      | Found Guilom Sahoz's Magic Scroll Shop.
  3750 | D:5      | Bought a scroll of blinking for 97 gold pieces
  3821 | D:5      | Reached skill level 5 in Dodging
  3939 | D:5      | Killed from afar by an orc priest

Vault maps used:
D:1:      dpeg_arrival_chase, grunt_decor_cap
D:2:      minmay_split_cup_large
D:3:      first_ration, wad_floor_pattern_untrapped, hex_tiny, uniq_terence,
          uniq_ijyb
D:4:      minmay_temple_entry_statues_pillars
D:5:      cheibrodos_quashed, serial_shops, nicolae_shop_trees, shop
Temple:   dpeg_three_leaves_temple

Skill      XL: |  1  2  3  4  5  6  7 |
---------------+----------------------+-----
Dodging        | 1 2 3 4 5 |  5.1
Fighting       | 5 6 7 |  7.7
Axes           | |  3.0
Bows           | |  1.0
Throwing       | |  1.0
Evocations     | |  1.0

Action                   |  1- 3 |  4- 6 |  7- 9 || total
-------------------------+-------+-------+-------++-------
Melee: Short sword       |    85 |   200 |    63 ||   348
       Hand axe          |    13 |       |       ||    13
       Tailslap          |     7 |    14 |     7 ||    28
 Abil: Breathe Frost     |       |       |     1 ||     1
  Use: Potion            |       |       |     2 ||     2
  Eat: Chunk             |     1 |     7 |     1 ||     9
Armor: Skin              |    27 |    73 |    25 ||   125
Dodge: Dodged            |    70 |   151 |    43 ||   264

Table legend:
 A = Non-vault XP
 B = Vault XP
 C = Vault XP percentage of total XP
 D = Non-vault monster count
 E = Vault monster count
 F = Vault count percentage of total count
                 A         B        C        D         E       F
            +---------+---------+-------+---------+---------+-------
      Total |     932 |      77 |   7.6 |      89 |       5 |   5.3
            +---------+---------+-------+---------+---------+-------
        D:1 |      34 |       0 |   0.0 |      12 |       0 |   0.0
        D:2 |     101 |       5 |   4.7 |      26 |       3 |  10.3
        D:3 |     110 |      72 |  39.6 |      19 |       2 |   9.5
        D:4 |     481 |       0 |   0.0 |      26 |       0 |   0.0
        D:5 |     206 |       0 |   0.0 |       6 |       0 |   0.0
            +---------+---------+-------+---------+---------+-------
